 Dungeon Crawl Stone Soup version 0.20-a0-870-g4070442 (webtiles) character file.

427 FrozenPanda the Shield-Bearer (level 7, -3/47 HPs)
             Began as a Halfling Fighter on Mar 13, 2017.
             Killed by nerve-wracking pain
             ... invoked by an orc priest
              (8 damage)
             ... on level 3 of the Dungeon.
             The game lasted 00:07:43 (3869 turns).

FrozenPanda the Shield-Bearer (Halfling Fighter)    Turns: 3869, Time: 00:07:43

Health: -3/47      AC:  9    Str: 17    XL:     7   Next: 18%
Magic:  7/7        EV:  8    Int:  7    God:
Gold:   91         SH: 10    Dex: 15    Spells: 6/6 levels left

rFire    . . .     SeeInvis .   s - +1 long sword (slice)
rCold    . . .     Gourm    .   g - +0 chain mail
rNeg     . . .     Faith    .   c - +0 shield
rPois    .         Spirit   .   (no helmet)
rElec    .         Reflect  .   (no cloak)
rCorr    .         Harm     .   (no gloves)
MR       .....                  (no boots)
Stlth    ..........             (no amulet)
Regen    0.2/turn               (no ring)
MPRegen  0.1/turn               (no ring)

@: lethally poisoned (-3 -> -6)
A: mutation resistance 1
a: no special abilities


You were on level 3 of the Dungeon.
You were not hungry.

You visited 1 branch of the dungeon, and saw 3 of its levels.

You collected 91 gold pieces.

Inventory:

Hand Weapons
 s - a +1 long sword of slicing (weapon)
Armour
 c - a +0 shield (worn)
 g - a +0 chain mail (worn)
Scrolls
 e - a scroll of blinking
 h - 2 scrolls of immolation {unknown}
 i - a scroll of magic mapping {unknown}
 j - a scroll of identify {unknown}
 m - a scroll of amnesia {unknown}
 n - a scroll of enchant weapon {unknown}
 t - a scroll of teleportation
 u - a scroll of recharging {unknown}
Potions
 a - 2 potions of haste {unknown}
 l - a potion of flight
 o - a potion of resistance
Comestibles
 b - a royal jelly
 f - 2 bread rations
 p - 2 fruits
 r - a meat ration


   Skills:
 + Level 3.9 Fighting
 + Level 3.4 Long Blades
 + Level 4.6 Armour
 + Level 3.2 Dodging
 + Level 4.7 Shields


You had 6 spell levels left.
You didn't know any spells.

Dungeon Overview and Level Annotations

Branches:
Dungeon (3/15)

Altars:
Nemelex Xobeh


Innate Abilities, Weirdness & Mutations

You are small and have problems with some larger weapons.
You are somewhat resistant to further mutation.


Message History

You feel sick.
The orc priest invokes the aid of Beogh against you.
Beogh smites you!
* * * LOW HITPOINT WARNING * * *
You closely miss the orc priest.
The orc priest is almost dead.
You feel sick.
The orc priest hits you but does no damage.
You block the orc priest's attack.
You closely miss the orc priest.
The orc priest is almost dead.
You feel sick.
The orc priest hits you with a hand axe.
* * * LOW HITPOINT WARNING * * *
You hit the orc priest but do no damage.
The orc priest is almost dead.
You feel sick.
The orc priest mumbles some strange prayers to Beogh against you.
Pain shoots through your body!
You die...

#########
.#
....(.o@##
.#
#####..#)##
.#
....###.#
..###..#.##
# #.## #.#
#.# # #.#.#
.# #.#.###


You could see an orc priest.

Vanquished Creatures
  Grinder (D:3)
  An orc priest (D:3)
  Jessica (D:3)
  An orc wizard (D:2)
  6 adders
  An ooze (D:2)
  2 worms (D:2)
  4 dart slugs
  5 leopard geckos
  10 orcs
  4 giant cockroaches (D:2)
  9 goblins
  11 hobgoblins
  3 bats
  A frilled lizard (D:3)
  7 kobolds
  5 rats (D:2)
72 creatures vanquished.

Notes
Turn   | Place    | Note
-------+----------+-------------------------------------------
     0 | D:1      | FrozenPanda the Halfling Fighter began the quest for the Orb.
     0 | D:1      | Reached XP level 1. HP: 15/15 MP: 1/1
   140 | D:1      | Reached XP level 2. HP: 19/20 MP: 2/2
   601 | D:1      | Reached XP level 3. HP: 26/26 MP: 3/3
  1112 | D:2      | Noticed Jessica
  1125 | D:1      | Reached skill level 1 in Dodging
  1389 | D:2      | Reached XP level 4. HP: 23/31 MP: 4/4
  2265 | D:2      | Found a sparkling altar of Nemelex Xobeh.
  2390 | D:2      | Reached XP level 5. HP: 35/36 MP: 5/5
  2978 | D:3      | Noticed Grinder
  3009 | D:3      | Paralysed by Grinder for 2 turns
  3017 | D:3      | Paralysed by Grinder for 7 turns
  3036 | D:3      | Killed Grinder
  3036 | D:3      | Reached XP level 6. HP: 37/43 MP: 6/6
  3682 | D:3      | Reached XP level 7. HP: 34/47 MP: 7/7
  3797 | D:3      | Killed Jessica
  3869 | D:3      | Killed from afar by an orc priest

Vault maps used:
D:1:      lightli_arrival_boilingwater
D:2:      nemelex_spade_bored_becter, uniq_jessica
D:3:      minmay_wonky_spiral, minmay_misc_feat_ornament, uniq_grinder,
          uniq_terence

Skill      XL: |  1  2  3  4  5  6 |
---------------+-------------------+-----
Fighting       | 3 |  3.9
Dodging        | 1 2 3 |  3.2
Shields        | 4 |  4.7
Armour         | 4 |  4.6
Long Blades    | 3 |  3.4

Action                   |  1- 3 |  4- 6 |  7- 9 || total
-------------------------+-------+-------+-------++-------
Melee: Long sword        |   123 |   186 |    29 ||   338
  Use: Potion            |     1 |     6 |       ||     7
       Scroll            |       |       |     2 ||     2
  Eat: Chunk             |     2 |     7 |     1 ||    10
Armor: Scale mail        |     4 |       |       ||     4
       Chain mail        |    42 |    80 |     9 ||   131
       Skin              |       |     7 |       ||     7
Dodge: Dodged            |    31 |    50 |     6 ||    87
Block: Shield            |    63 |    92 |    14 ||   169
       Rpst.: Long sword |    13 |    20 |     1 ||    34
